 Dungeon Crawl Stone Soup version 0.31-a0-460-g9e667d4245 (webtiles) character file.

Game seed: 11855791526585920658

12888 Dittersdorf the Blocker (level 12, -2/79 HPs)
             Began as a Gargoyle Fighter on Aug 4, 2023.
             Was a High Priest of Okawaru.
             Slain by a blink frog (6 damage)
             ... on level 1 of the Lair of Beasts.
             The game lasted 00:19:12 (11734 turns).

Dittersdorf the Blocker (Gargoyle Fighter)         Turns: 11734, Time: 00:19:12

Health: -2/79      AC: 31    Str: 30    XL:     12   Next: 0%
Magic:  12/12      EV:  9    Int: 10    God:    Okawaru [*****.]
Gold:   429        SH: 10    Dex:  9    Spells: 11/11 levels left

rFire   . . .        u - +1 morningstar (holy)
rCold   . . .        t - +0 kite shield
rNeg    + . .        w - +3 scale mail {Will+}
rPois   ∞            (no helmet)
rElec   +            c - +0 cloak
rCorr   .            y - +0 pair of gloves
SInv    .            k - +2 pair of boots
Will    +....        j - amulet of regeneration Stlth
                     m - +4 ring of protection
HPRegen 1.13/turn    i - +6 ring of strength
MPRegen 0.13/turn

%: no passive effects
@: no status effects
A: sickness immunity, AC +8, negative energy resistance 1, electricity
resistance, torment resistance 1, petrification resistance
a: Renounce Religion, Heroism, Finesse, Duel


You were on level 1 of the Lair of Beasts.
You worshipped Okawaru.
Okawaru was extremely pleased with you.
You visited 3 branches of the dungeon, and saw 12 of its levels.

You collected 789 gold pieces.
You spent 360 gold pieces at shops.

Inventory:

Hand Weapons
 u - a +1 morningstar of holy wrath (weapon)
Missiles
 s - a curare-tipped dart
Armour
 c - a +0 cloak (worn)
 k - a +2 pair of boots (worn)
 t - a +0 kite shield (worn)
 w - a +3 scale mail of willpower (worn)
 y - a +0 pair of gloves (worn)
Jewellery
 g - a ring of fire
 i - a +6 ring of strength (right hand)
 j - an amulet of regeneration (around neck)
 m - a +4 ring of protection (left hand)
Wands
 r - a wand of flame (36) (quivered)
Scrolls
 f - 3 scrolls of revelation
 l - 4 scrolls of teleportation
 n - 2 scrolls of identify
 q - 2 scrolls of enchant armour
 v - a scroll of enchant weapon
 z - a scroll of brand weapon
Potions
 a - a potion of curing
 b - a potion of magic
 d - 2 potions of might
 e - 3 potions of enlightenment
 h - 2 potions of mutation
 o - a potion of invisibility
 p - 3 potions of heal wounds


   Skills:
 + Level 10.9 Fighting
 + Level 9.8 Maces & Flails
 + Level 10.9 Armour
 + Level 10.9 Shields


You had 11 spell levels left.
You didn't know any spells.
Your spell library contained the following spells:

 Spells                   Type           Power      Damage    Failure   Level
 Magic Dart               Conj           0%         1d3       71%         1
 Slow                     Hex            0%         N/A       71%         1
 Lesser Beckoning         Tloc           0%         N/A       85%         2
 Searing Ray              Conj           0%         2d4       85%         2
 Confusing Touch          Hex            0%         N/A       97%         3
 Dazzling Flash           Conj/Hex       0%         N/A       97%         3
 Gell's Gravitas          Tloc           0%         N/A       97%         3
 Hailstorm                Conj/Ice       0%         3d3       97%         3
 Stone Arrow              Conj/Erth      0%         3d7       97%         3
 Teleport Other           Tloc           0%         N/A       97%         3
 Vampiric Draining        Necr           0%         2d6       97%         3
 Volatile Blastmotes      Fire/Tloc      0%         2d10      97%         3
 Fulminant Prism          Conj/Hex       0%         3d5       100%        4
 Starburst                Conj/Fire      0%         6d3       100%        6
 Lehudib's Crystal Spear  Conj/Erth      0%         10d2      100%        8
 Maxwell's Capacitive Co  Air            0%         ∞         100%        8
 Animate Armour           Summ/Erth      Unusable   N/A       N/A         4
 Summon Ice Beast         Ice/Summ       Unusable   N/A       N/A         4
 Simulacrum               Ice/Necr       Unusable   N/A       N/A         6

Dungeon Overview and Level Annotations

Branches:
Dungeon (10/15)            Temple (1/1) D:4            Lair (1/5) D:9
    Orc (0/2) D:9

Altars:
Ashenzari
Cheibriados
Dithmenos
Elyvilon
Fedhas
Gozag
Hepliaklqana
Kikubaaqudgha
Makhleb
Nemelex Xobeh
Okawaru
Qazlal
Ru
Sif Muna
Trog
Uskayaw
Vehumet
Wu Jian
Xom
Yredelemnul
Zin
The Shining One

Shops:
D:5 =   D:9 :


Innate Abilities, Weirdness & Mutations

You are immune to sickness and miasma.
Your stone body is resilient. (AC +8)
You are immune to poison.
You resist negative energy. (rN+)
You are resistant to electric shocks. (rElec)
You are resistant to unholy torment.
You are immune to petrification.


Message History

The black mamba barely misses you. The black mamba bites you!
* * * LOW HITPOINT WARNING * * *
The water moccasin bites you but does no damage. x2
You block the komodo dragon's attack.
You hit the water moccasin.
The water moccasin is severely wounded.
You block the black mamba's attack. The blink frog completely misses you.
You block the black mamba's attack.
The water moccasin bites you but does no damage. x2
The black mamba closely misses you. The blink frog barely misses you.
The komodo dragon bites you but does no damage.
The black mamba closely misses you.
You thump the water moccasin!
You kill the water moccasin!
Okawaru accepts your kill.
The black mamba bites you but does no damage.
The water moccasin bites you but does no damage.
The black mamba completely misses you. The blink frog closely misses you.
You block the black mamba's attack.
The water moccasin bites you but does no damage.
You block the komodo dragon's attack.
The black mamba bites you but does no damage.
You have reached level 12!
You feel stronger.
The black mamba attacks as you move away!
The black mamba bites you but does no damage.
The black mamba attacks as you move away!
You block the black mamba's attack.
The blink frog hits you but does no damage.
You block the blink frog's attack. The black mamba bites you.
* * * LOW HITPOINT WARNING * * *
You see here a water moccasin corpse.
The blink frog attacks as you move away!
You block the blink frog's attack.
The black mamba attacks as you move away!
The black mamba bites you but does no damage.
You block the black mamba's attack.
The blink frog attacks as you move away!
The blink frog hits you.
You die...

# ..#..... #.# #.
.#.#..###.... #.
........##.## #..
...........
#...#........# ##..#
#..h.>..[.#####.#..###.
#.Sl................
##lSS................
#..F@................
##...................
#...................
#.............≈~≈.~.
#......#.P†../~..♣~#
#.....####...~....≈~
#.....# ######~~~~≈
#.....# #.~~..~.~
#.....#### #...~#.~♣


You could see a polar bear, 2 komodo dragons, 2 black mambas, a blink frog and a
water moccasin.

Vanquished Creatures
  A two-headed ogre (D:7)
  Amaemon (D:8)
  Lodul (D:10)
  An orange demon (D:8)
  4 cane toads (Lair:1)
  A gargoyle (D:10)
  A komodo dragon (D:10)
  Psyche (D:10)
  A troll (D:10)
  20 yaks
  2 wyverns (D:9)
  A steam dragon (D:7)
  Menkaure (D:5)
  6 water moccasins
  Edmund (D:5)
  A sky beast (D:7)
  2 ice beasts
  5 orc warriors
  A swamp drake (D:9)
  7 ogres (D:10)
  6 centaurs
  A phantom (D:6)
  2 kobold brigands
  4 bullfrogs
  2 gnoll sergeants
  3 scorpions
  9 wights
  A howler monkey (D:10)
  3 jellies
  9 orc priests
  3 hounds
  3 sleepcaps
  3 gnoll boudas
  Crazy Yiuf (D:5)
  Ijyb (D:5)
  Terence (D:3)
  10 orc wizards
  10 adders
  19 gnolls
  3 shadow imps
  A white imp (D:7)
  2 ufetubi
  A worm (D:4)
  A dart slug (D:5)
  42 orcs
  9 endoplasms
  3 giant cockroaches
  4 goblins
  12 hobgoblins
  6 jackals
  17 kobolds
  3 quokkas
  5 ball pythons
  9 bats
  A frilled lizard (D:1)
  5 rats
274 creatures vanquished.

Vanquished Creatures (others)
  An orc warrior (D:9)
  An orc wizard (D:9)
2 creatures vanquished.

Grand Total: 276 creatures vanquished

Notes
Turn   | Place    | Note
-------+----------+-------------------------------------------
     0 | D:1      | Dittersdorf the Gargoyle Fighter began the quest for the
                  | Orb.
     0 | D:1      | Reached XP level 1. HP: 14/14 MP: 1/1
   118 | D:1      | Reached XP level 2. HP: 14/19 MP: 2/2
   499 | D:1      | Reached XP level 3. HP: 24/24 MP: 3/3
  1601 | D:2      | Reached XP level 4. HP: 29/29 MP: 4/4
  2384 | D:3      | Noticed Terence
  2400 | D:3      | Killed Terence
  2401 | D:3      | Reached XP level 5. HP: 6/33 MP: 5/5
  2948 | D:4      | Reached XP level 6. HP: 14/39 MP: 6/6
  3187 | D:4      | Found a staircase to the Ecumenical Temple.
  3200 | Temple   | Entered the Ecumenical Temple
  3234 | Temple   | Became a worshipper of Warmaster Okawaru
  3736 | D:4      | Reached skill level 5 in Armour
  3736 | D:4      | Reached skill level 5 in Shields
  3926 | D:5      | Entered Level 5 of the Dungeon
  3928 | D:5      | Noticed Menkaure
  3935 | D:5      | Killed Menkaure
  3935 | D:5      | Reached * piety under Okawaru
  3936 | D:5      | Reached skill level 5 in Fighting
  3936 | D:5      | Reached XP level 7. HP: 34/44 MP: 7/7
  4302 | D:4      | Reached ** piety under Okawaru
  4398 | D:4      | Reached XP level 8. HP: 45/51 MP: 8/8
  4649 | D:5      | Reached skill level 5 in Maces & Flails
  4754 | D:5      | Found Kiasiry's Jewellery Shoppe.
  5075 | D:5      | Noticed Ijyb
  5102 | D:5      | HP: 2/51 [Ijyb/bolt of acid (12)]
  5107 | D:5      | Killed Ijyb
  5306 | D:5      | Noticed Edmund
  5327 | D:5      | Killed Edmund
  5489 | D:5      | Found a runed translucent door.
  5490 | D:5      | Noticed Crazy Yiuf
  5707 | D:5      | Killed Crazy Yiuf
  5841 | D:6      | Identified the +5 plate armour of Ennui {rPois MP+9 Str-5
                  | Stlth+}
  6197 | D:5      | Reached *** piety under Okawaru
  6314 | D:6      | Reached XP level 9. HP: 53/56 MP: 9/9
  7040 | D:7      | Reached **** piety under Okawaru
  7335 | D:5      | Bought an amulet of regeneration for 360 gold pieces
  7728 | D:7      | Noticed a two-headed ogre
  7751 | D:7      | Killed a two-headed ogre
  7752 | D:7      | Reached XP level 10. HP: 18/64 MP: 10/10
  8646 | D:8      | Noticed an orange demon
  8659 | D:8      | Killed an orange demon
  8900 | D:8      | Noticed Amaemon
  9054 | D:8      | Killed Amaemon
  9449 | D:9      | Found a staircase to the Orcish Mines.
  9674 | D:9      | Found a staircase to the Lair.
  9801 | D:9      | Found a radiant altar of Vehumet.
  9801 | D:9      | Found a glowing golden altar of the Shining One.
  9830 | D:9      | Found Doehab's Book Emporium.
 10071 | D:9      | Reached ***** piety under Okawaru
 10107 | D:9      | Reached XP level 11. HP: 58/71 MP: 11/11
 10385 | D:10     | Entered Level 10 of the Dungeon
 10839 | D:10     | Reached skill level 10 in Shields
 10845 | D:10     | Reached skill level 10 in Fighting
 10845 | D:10     | Reached skill level 10 in Armour
 10895 | D:10     | Noticed Lodul
 10923 | D:10     | Killed Lodul
 10923 | D:10     | Received a gift from Okawaru
 10971 | D:10     | Identified the +0 chain mail "Taez" {Fly Dex+4}
 11170 | D:10     | Noticed Psyche
 11177 | D:10     | Killed Psyche
 11514 | Lair:1   | Entered Level 1 of the Lair of Beasts
 11637 | Lair:1   | Identified the +5 dagger of Floods {heavy, rElec rN+}
 11729 | Lair:1   | HP: 2/73 [black mamba (7)]
 11732 | Lair:1   | Reached XP level 12. HP: 5/79 MP: 12/12
 11734 | Lair:1   | Slain by a blink frog

Illustrated notes

Levels and vault maps discovered:
D:1:      amcnicky_arrival_abandoned_market, layout_basic, minmay_misc_feat_rows
D:2:      layout_loops_cross
D:3:      layout_basic, uniq_terence
D:4:      layout_rooms, minmay_temple_entry_wispy, minmay_cut_off
D:5:      layout_cave_pools, serial_shops, nicolae_shop_window_shopping,
          uniq_menkaure, uniq_edmund, uniq_crazy_yiuf_cottage, uniq_ijyb
D:6:      layout_cave_pools, fountainhead
D:7:      layout_layer_cave, hangedman_decor_lopped
D:8:      layout_gridville, nicolae_the_louvre, uniq_amaemon
D:9:      layout_irregular_city, gammafunk_temple_overflow_wave,
          lair_entry_dummy, erik_orc_1, serial_shops, nicolae_diamond_shop
D:10:     layout_loops_cross, uniq_lodul, uniq_psyche
Temple:   nicolae_temple_slightly_damp_pantheon
Lair:1:   beast_lair_carwin_large_1, layout_big_grid, serial_rivers,
          chequers_serial_rivers_micro_d, chequers_serial_rivers_small_3,
          chequers_serial_rivers_room_a, chequers_serial_rivers_marsh,
          chequers_serial_rivers_room_b, chequers_serial_rivers_small_3,
          minmay_shattered_shrine

Skill      XL: |  1  2  3  4  5  6  7  8  9 10 11 |
---------------+----------------------------------+-----
Shields        | 4 5 6 8 9 10 | 10.9
Armour         | 4 5 6 8 9 10 | 10.9
Fighting       | 4 5 6 8 9 10 | 10.9
Maces & Flails | 3 4 5 7 8 9 |  9.8

Action                     |  1- 3 |  4- 6 |  7- 9 | 10-12 || total
---------------------------+-------+-------+-------+-------++-------
  Melee: Flail             |   127 |   249 |   520 |   115 ||  1011
         Morningstar       |       |       |       |   326 ||   326
  Throw: Dart              |       |       |       |     1 ||     1
 Invoke: Heroism           |       |       |       |     3 ||     3
  Evoke: Wand              |       |       |     3 |    23 ||    26
    Use: Scroll            |       |     6 |    10 |     5 ||    21
         Potion            |       |       |     1 |       ||     1
 Armour: Scale mail        |   118 |   225 |   285 |   295 ||   923
         Chain mail        |       |     6 |   143 |       ||   149
  Dodge: Dodged            |    95 |   158 |   257 |   159 ||   669
  Block: Buckler           |    44 |    58 |       |       ||   102
         Kite shield       |       |    21 |   323 |   282 ||   626

Table legend: (Time is in decaauts)
 A = Elapsed time spent in this place.
 B = Non-inter-level travel time spent in this place.
 C = Inter-level travel time spent in this place.
 D = Time resting spent in this place.
 E = Time spent auto-exploring this place.
 F = Levels seen in this place.
 G = Mean time per level.
                   A        B        C        D        E       F      G
               +--------+--------+--------+--------+--------+-----+--------+
         Total |  12038 |  11173 |    865 |   1720 |   6559 |  12 | 1003.2 |
       Dungeon |  11750 |  10935 |    815 |   1720 |   6395 |  10 | 1175.0 |
        Temple |     57 |      8 |     49 |      0 |      6 |   1 |   57.0 |
          Lair |    229 |    229 |      0 |      0 |    157 |   1 |  229.0 |
               +--------+--------+--------+--------+--------+-----+--------+

Top non-repeatable levels by time:
     D:5: 1935 daAuts
     D:7: 1634 daAuts
     D:4: 1551 daAuts
     D:1: 1208 daAuts
     D:9: 1077 daAuts
     D:8: 994 daAuts
     D:3: 978 daAuts
    D:10: 902 daAuts
     D:2: 822 daAuts
     D:6: 647 daAuts
  Lair:1: 229 daAuts
  Temple: 57 daAuts
